 Dungeon Crawl Stone Soup version 0.30-a0-1053-gbd8d5ba0ad (webtiles) character file.

Game seed: 1568855273814982167

452 LustLizard the Chopper (level 7, 0/61 HPs)
             Began as a Hill Orc Monk on Apr 11, 2023.
             Was a Believer of Beogh.
             Killed by divine providence
             ... invoked by an orc priest
              (11 damage)
             ... on level 5 of the Dungeon.
             The game lasted 00:09:12 (4485 turns).

LustLizard the Chopper (Hill Orc Monk)              Turns: 4485, Time: 00:09:12

Health: 0/61       AC:  9    Str: 16    XL:     7   Next: 5%
Magic:  7/7        EV:  8    Int: 10    God:    Beogh [**....]
Gold:   97         SH:  0    Dex: 13    Spells: 6/6 levels left

rFire   . . .      SeeInvis .    a - +0 hand axe
rCold   . . .      Faith    .    (no shield)
rNeg    . . .      Spirit   .    f - +0 chain mail
rPois   .          Reflect  .    b - +0 helmet
rElec   .          Rampage  .    (no cloak)
rCorr   .                        (no gloves)
Will    .....                    (no boots) Stlth
                                 (no amulet)
HPRegen 0.30/turn                (no ring)
MPRegen 0.10/turn                (no ring)

@: no status effects
A: no striking features
a: Renounce Religion, Smiting


You were on level 5 of the Dungeon.
You worshipped Beogh.
Beogh was pleased with you.
You visited 1 branch of the dungeon, and saw 5 of its levels.

You collected 195 gold pieces.
You spent 98 gold pieces at shops.

Inventory:

Hand Weapons
 a - a +0 hand axe (weapon)
Missiles
 d - 59 stones
 m - 10 poisoned darts
 p - 4 atropa-tipped darts (quivered)
Armour
 b - a +0 helmet (worn)
 f - a +0 chain mail (worn)
Wands
 v - a wand of polymorph (11)
Scrolls
 e - a scroll of fear
 h - a scroll of silence {unknown}
 i - a scroll of amnesia {unknown}
 q - a scroll of poison {unknown}
 s - a scroll of acquirement {unknown}
 t - a scroll of immolation {unknown}
 u - a scroll of teleportation
Potions
 g - a potion of resistance {unknown}
 j - 2 potions of curing
 l - 2 potions of might {unknown}
 n - a potion of invisibility {unknown}
 o - 2 potions of brilliance {unknown}
 r - a potion of flight {unknown}


   Skills:
 + Level 5.5 Fighting
 * Level 7.8 Axes
 + Level 3.7 Dodging
 - Level 1.5 Stealth


You had 6 spell levels left.
You didn't know any spells.
Your spell library contained the following spells:

 Spells                   Type           Power      Damage    Failure   Level
 Animate Dead             Necr           0%         N/A       100%        4
 Haunt                    Necr/Summ      0%         N/A       100%        7
 Infestation              Necr           0%         N/A       100%        8


Dungeon Overview and Level Annotations

Branches:
Dungeon (5/15)
 Temple: D:4-7

Altars:
Gozag
Sif Muna
Yredelemnul
The Shining One

Shops:
D:4 ?   D:5 =

Annotations:
D:2 1 runed translucent door, Crazy Yiuf
D:3 Grinder


Message History

Found a stone staircase leading up.
There is a stone staircase leading up here.
Found a scale mail.
You now have 97 gold pieces (gained 25).
An orc comes into view. It is wielding a +0 war axe.
The orc shouts!
An orc priest comes into view. It is wielding a +0 trident.
The orc hits you with a +0 war axe.
The orc priest shouts!
You hit the orc.
The orc is moderately wounded.
You hear a shout! x2
The orc priest mumbles some strange prayers to Beogh against you.
Beogh smites you! The orc barely misses you.
You barely miss the orc.
The orc is moderately wounded.
The orc hits you with a +0 war axe.
You closely miss the orc.
The orc is moderately wounded.
The orc priest mumbles some strange prayers to Beogh against you.
Beogh smites you!
You are too injured to fight recklessly!
Unknown command.
You barely miss the orc.
The orc is moderately wounded.
The orc hits you with a +0 war axe.
The orc priest invokes the aid of Beogh against you.
Pain shoots through your body!
* * * LOW HITPOINT WARNING * * *
An orc wizard comes into view. It is wielding a +0 dagger.
The orc closely misses you.
The orc wizard casts a spell.
The orc wizard flickers and vanishes!
Deactivating autopickup; reactivate with Ctrl-A.
The orc attacks as you move away! The orc hits you with a +0 war axe!
* * * LOW HITPOINT WARNING * * *
The orc priest calls down the wrath of Beogh upon you.
Beogh smites you!
You die...
Beogh appreciates the orc priest's killing of a heretic priest.

.[.......#######.##..#...#..#..#
#######..............#.∩.#....##
#.########.###.#...#.#..# #.#
#.# #.#.>.#.#...# ...####.###
#.# #.#...#.##... #........##
#.# #.#####.# .##
######.#..#####.# ##. .#. .#
#.##.......# #.#######@.#####...
#.# ###o.......... #.#
#...########## ..##.####o###
..........# ..###...#######
###.......# ........#####..
#######.#


You could see an orc priest and an orc.

Vanquished Creatures
  A scorpion (D:4)
  2 orc priests (D:4)
  2 iguanas
  Jessica (D:1)
  Natasha (thrice) (D:2)
  3 gnolls
  7 adders
  2 worms (D:3)
  3 dart slugs (D:4)
  5 orcs
  10 ball pythons
  4 endoplasms
  A giant cockroach (D:3)
  6 goblins
  3 hobgoblins (D:4)
  4 jackals (D:3)
  8 kobolds
  5 quokkas
  2 bats (D:1)
  4 frilled lizards
  6 rats
  A spectral kobold (D:1)
83 creatures vanquished.

Notes
Turn   | Place    | Note
-------+----------+-------------------------------------------
     0 | D:1      | LustLizard the Hill Orc Monk began the quest for the Orb.
     0 | D:1      | Reached XP level 1. HP: 19/19 MP: 1/1
   133 | D:1      | Found a faded altar of an unknown god.
   200 | D:1      | Reached XP level 2. HP: 27/27 MP: 2/2
  1015 | D:2      | Noticed Jessica
  1029 | D:1      | Killed Jessica
  1030 | D:1      | Reached skill level 5 in Axes
  1030 | D:1      | Reached XP level 3. HP: 27/33 MP: 3/3
  1085 | D:2      | Reached XP level 4. HP: 34/40 MP: 4/4
  1547 | D:2      | Found a runed translucent door.
  1548 | D:2      | Noticed Crazy Yiuf
  1630 | D:2      | Noticed Natasha
  1640 | D:2      | Killed Natasha
  1641 | D:2      | Reached XP level 5. HP: 42/47 MP: 5/5
  1656 | D:2      | You fall into a shaft and drop 2 floors!
  1685 | D:4      | Reached skill level 6 in Axes
  1869 | D:2      | Noticed Natasha
  1876 | D:2      | Killed Natasha
  1941 | D:2      | Noticed Natasha
  1955 | D:2      | Killed Natasha
  2224 | D:3      | Reached skill level 5 in Fighting
  2390 | D:3      | Noticed Grinder
  2395 | D:3      | Paralysed by Grinder for 3 turns
  2438 | D:2      | HP: 2/48 [gnoll/+0 halberd (5)]
  2440 | D:2      | Reached XP level 6. HP: 3/56 MP: 6/6
  2828 | D:3      | Became a worshipper of Beogh the Brigand
  2828 | D:3      | Reached * piety under Beogh
  2828 | D:3      | Reached ** piety under Beogh
  3161 | D:3      | Found a shimmering blue altar of Sif Muna.
  3193 | D:3      | Paralysed by Grinder for 4 turns
  3203 | D:3      | Paralysed by Grinder for 3 turns
  3326 | D:3      | Paralysed by Grinder for 4 turns
  3510 | D:4      | Found Lusu's Magic Scroll Shop.
  3519 | D:4      | Bought a scroll of fear for 56 gold pieces
  3519 | D:4      | Bought a scroll of teleportation for 42 gold pieces
  3639 | D:4      | Reached skill level 7 in Axes
  3748 | D:4      | Found a basalt altar of Yredelemnul.
  4134 | D:4      | Found an opulent altar of Gozag.
  4135 | D:4      | Found a glowing golden altar of the Shining One.
  4335 | D:5      | Entered Level 5 of the Dungeon
  4342 | D:5      | Found Ywaxus's Jewellery Boutique.
  4394 | D:5      | Reached XP level 7. HP: 56/61 MP: 7/7
  4485 | D:5      | Killed from afar by an orc priest

Illustrated notes

Levels and vault maps discovered:
D:1:      dpeg_arrival_water_temple_mockup, layout_basic,
          dreamdust_ecumenical_altar_drowned_temple, minmay_misc_feat_encased
D:2:      layout_rooms, uniq_crazy_yiuf_cottage, uniq_natasha, uniq_jessica
D:3:      layout_rooms, mainiacjoe_overflow_catwalk, uniq_grinder
D:4:      layout_rooms, mainiacjoe_overflow_concentric_impassable,
          mainiacjoe_overflow_divided_tiny, serial_shops, nicolae_stop_n_shop_2
D:5:      layout_rooms, nicolae_take_the_stairs, minmay_diced_spiral

Skill      XL: |  1  2  3  4  5  6 |
---------------+-------------------+-----
Fighting       | 4 5 |  5.5
Axes           | 5 6 7 |  7.8
Dodging        | 3 |  3.7
Stealth        | |  1.5

Action                     |  1- 3 |  4- 6 |  7- 9 || total
---------------------------+-------+-------+-------++-------
  Melee: Hand axe          |    60 |   312 |     4 ||   376
         Punch             |     1 |     1 |       ||     2
  Throw: Stone             |     7 |     3 |       ||    10
         Dart              |       |     4 |       ||     4
 Invoke: Convert to Beogh  |       |     1 |       ||     1
    Use: Scroll            |       |     4 |       ||     4
         Potion            |       |     3 |       ||     3
   Stab: Sleeping          |     5 |       |       ||     5
 Armour: Robe              |     2 |       |       ||     2
         Chain mail        |    16 |   133 |       ||   149
  Dodge: Dodged            |    22 |   131 |     2 ||   155

Table legend: (Time is in decaauts)
 A = Elapsed time spent in this place.
 B = Non-inter-level travel time spent in this place.
 C = Inter-level travel time spent in this place.
 D = Time resting spent in this place.
 E = Time spent auto-exploring this place.
 F = Levels seen in this place.
 G = Mean time per level.
                   A        B        C        D        E       F      G
               +--------+--------+--------+--------+--------+-----+--------+
         Total |   4502 |   4256 |    246 |   1013 |   2279 |   5 |  900.4 |
       Dungeon |   4502 |   4256 |    246 |   1013 |   2279 |   5 |  900.4 |
               +--------+--------+--------+--------+--------+-----+--------+

Top non-repeatable levels by time:
     D:2: 1289 daAuts
     D:1: 1125 daAuts
     D:3: 1017 daAuts
     D:4: 920 daAuts
     D:5: 147 daAuts
